 Dungeon Crawl Stone Soup version 0.26-a0-28-gc929df5 (webtiles) character file.

Game seed: 10599548041437368410, levelgen mode: deterministic

100008 thirtiethelement the Fighter (level 16, -2/139 HPs)
             Began as a Gnoll Abyssal Knight on May 27, 2020.
             Was the Champion of Lugonu.
             Slain by an entropy weaver (6 damage)
             ... on level 1 of the Spider Nest.
             The game lasted 01:28:27 (25538 turns).

thirtiethelement the Fighter (GnAK)                Turns: 25538, Time: 01:28:28

Health: -2/139     AC: 11    Str: 18    XL:     16   Next: 26%
Magic:  0/30       EV: 10    Int: 19    God:    Lugonu [******]
Gold:   818        SH:  8    Dex: 11    Spells: 12/36 levels left

rFire    + . .     SeeInvis .   g - +9 scimitar (vorpal)
rCold    . . .     Gourm    .   T - +2 buckler
rNeg     . . .     Faith    .   L - +8 plate armour {rF+}
rPois    +         Spirit   +   S - +2 hat {MR+}
rElec    .         Reflect  .   i - scarf {repulsion}
rCorr    .         Harm     .   M - +1 pair of gloves
MR       ++...                  E - +2 pair of boots of the Circus Animal {+Blink Int+3 Dex-4}
Stlth    ..........             t - amulet of guardian spirit
HPRegen  0.73/turn              Z - ring of poison resistance
MPRegen  0.22/turn              N - +4 ring of protection

@: corroded, repel missiles
A: distributed training, fangs 1, regeneration 1, robust 1, weak 1, strong nose
a: Depart the Abyss, Bend Space, Banish, Corrupt, Enter the Abyss, Brand Weapon
With Distortion, Renounce Religion, Evoke Blink


You were on level 1 of the Spider Nest.
You worshipped Lugonu.
Lugonu was exalted by your worship.
You were not hungry.

You visited 6 branches of the dungeon, and saw 25 of its levels.
You visited the Abyss 1 time.
You also visited: Sewer.

You collected 1756 gold pieces.
You spent 938 gold pieces at shops.

Inventory:

Hand Weapons
 g - a +9 vorpal scimitar (weapon)
 v - the +10 arbalest of Goraiwn {penet, rN+}
   (You found it on level 6 of the Lair of Beasts)

   Ammo fired by it will pass through the targets it hits, potentially hitting
   all targets in its path until it reaches maximum range.
   It protects you from negative energy.
Missiles
 m - 6 atropa-tipped darts (quivered)
Armour
 e - the +0 pair of gloves "Rihill" {-Tele rPois Int+7}
   (You found it on level 2 of the Abyss)

   It affects your intelligence (+7).
   It protects you from poison.
   It prevents most forms of teleportation.
 f - a +2 scale mail of fire resistance
 i - a scarf of repulsion (worn)
 j - a +2 pair of boots
 E - the +2 pair of boots of the Circus Animal (worn) {+Blink Int+3 Dex-4}
   (You found it on level 1 of the Lair of Beasts)

   It affects your intelligence (+3).
   It affects your dexterity (-4).
   It lets you blink.
 J - a scarf of harm
 L - a +8 plate armour of fire resistance (worn)
 M - a +1 pair of gloves (worn)
 S - a +2 hat of magic resistance (worn)
 T - a +2 buckler (worn)
Jewellery
 b - a +4 ring of evasion
 d - an uncursed amulet of magic regeneration
 s - an uncursed ring of see invisible
 t - an amulet of guardian spirit (around neck)
 N - a +4 ring of protection (right hand)
 P - an uncursed ring of positive energy
 V - a +6 ring of dexterity
 Y - an uncursed ring of stealth
 Z - a ring of poison resistance (left hand)
Wands
 o - a wand of polymorph (18)
 y - a wand of flame (10)
 I - a wand of enslavement (1)
 R - a wand of random effects (25)
 U - a wand of digging (12)
Scrolls
 h - 4 scrolls of identify
 k - a scroll of holy word
 l - 3 scrolls of fog
 p - 4 scrolls of blinking
 A - 3 scrolls of magic mapping
 C - 5 scrolls of teleportation
 D - a scroll of enchant weapon
 F - 10 scrolls of remove curse
 H - 2 scrolls of amnesia
Potions
 a - a potion of resistance
 q - 3 potions of flight
 r - 2 potions of cancellation
 u - 4 potions of lignification
 z - a potion of ambrosia
 B - 2 potions of might
 G - 2 potions of haste
 K - a potion of brilliance
Miscellaneous
 n - a phantom mirror
 x - a lightning rod (4/4)
 Q - a phial of floods
Comestibles
 c - 39 rations
 w - 2 chunks of flesh


   Skills:
 + Level 12.1 Fighting
 + Level 10.5 Short Blades
 + Level 10.5 Long Blades
 + Level 11.4 Axes
 + Level 10.5 Maces & Flails
 + Level 10.5 Polearms
 + Level 10.5 Staves
 + Level 10.5 Slings
 + Level 10.5 Bows
 + Level 10.5 Crossbows
 + Level 10.5 Throwing
 + Level 11.4 Armour
 + Level 10.8 Dodging
 + Level 10.5 Stealth
 + Level 10.5 Shields
 + Level 10.5 Unarmed Combat
 + Level 10.5 Spellcasting
 + Level 8.9 Conjurations
 + Level 8.9 Hexes
 + Level 8.9 Charms
 + Level 8.9 Summonings
 + Level 8.9 Necromancy
 + Level 8.9 Translocations
 + Level 8.9 Transmutations
 + Level 8.9 Fire Magic
 + Level 8.9 Ice Magic
 + Level 8.9 Air Magic
 + Level 8.9 Earth Magic
 + Level 8.9 Poison Magic
 + Level 12.1 Invocations
 + Level 10.5 Evocations


You had 12 spell levels left.
You knew the following spells:

 Your Spells              Type           Power        Failure   Level  Hunger
a - Animate Skeleton      Necr           N/A          3%          1    None
b - Pain                  Necr           ####         3%          1    None
c - Vampiric Draining     Necr           #####.....   11%         3    None
d - Animate Dead          Necr           N/A          34%         4    ##.....
e - Agony                 Necr           #####...     67%         5    ####...
f - Mephitic Cloud        Conj/Pois/Air  #####...     11%         3    None
g - Fireball              Conj/Fire      #####.....   67%         5    ####...
h - Slow                  Hex            #####...     5%          2    None

Your spell library contained the following spells:

 Spells                   Type           Power        Failure   Level  Hunger
 Corona                   Hex            #####..      3%          1    None
 Infusion                 Chrm           ####         3%          1    None
 Magic Dart               Conj           ####         3%          1    None
 Blink                    Tloc           N/A          5%          2    None
 Call Imp                 Summ           #####...     5%          2    None
 Shroud of Golubria       Chrm/Tloc      #####.       5%          2    None
 Song of Slaying          Chrm           #####...     5%          2    None
 Conjure Flame            Conj/Fire      #####...     11%         3    None
 Ignite Poison            Fire/Tmut/Pois #####...     11%         3    None
 Inner Flame              Hex/Fire       #####...     11%         3    None
 Ozocubu's Armour         Chrm/Ice       #####...     11%         3    None
 Portal Projectile        Hex/Tloc       #####.       11%         3    None
 Spectral Weapon          Hex/Chrm       #####...     11%         3    None
 Cause Fear               Hex            #####.....   34%         4    ##.....
 Leda's Liquefaction      Hex/Erth       #####.....   34%         4    ##.....
 Starburst                Conj/Fire      #####.....   99%         6    ######.
 Ring of Flames           Chrm/Fire      #####.....   100%        7    #######
 Ignition                 Fire           #####.....   100%        8    #######


Dungeon Overview and Level Annotations

Branches:
Dungeon (13/15)            Temple (1/1) D:4            Lair (6/6) D:8
  Swamp (0/4) Lair:2       Spider (2/4) Lair:4        Slime (0/5) Lair:5
    Orc (2/2) D:10            Elf (1/3) Orc:2         Sewer (visited)
 Vaults: D:13-14

Altars:
Ashenzari
Cheibriados
Dithmenos
Elyvilon
Fedhas
Gozag
Hepliaklqana
Kikubaaqudgha
Makhleb
Nemelex Xobeh
Okawaru
Qazlal
Ru
Sif Muna
Trog
Uskayaw
Vehumet
Wu Jian
Xom
Yredelemnul
Zin
The Shining One
Beogh
Jiyva

Shops:
D:7 ?   D:12 *   Orc:2 ?%!?

Annotations:
D:11 3 runed translucent doors, ImHereKillMe's ghost, journeyman MiMo


Innate Abilities, Weirdness & Mutations

Your experience applies equally to all skills.
You have very sharp teeth.
Your uncanny sense of smell can sniff out nearby items.
Your natural rate of healing is unusually fast.
You are robust. (+10% HP)
You are weak. (Str -2)


Message History

* * * LOW HITPOINT WARNING * * *
The entropy weaver hits you but does no damage.
You block the entropy weaver's attack.
The entropy weaver hits you but does no damage.
Evoke which item? (* to show all) (? for menu, Esc to quit)
Aiming: Throw Flame
Press: ? - help, Shift-Dir - straight line, f/p - entropy weaver
Aim: an entropy weaver (severely wounded)
The puff of flame hits the entropy weaver.
The entropy weaver is severely wounded.
The entropy weaver hits you but does no damage.
The entropy weaver hits you!
* * * LOW HITPOINT WARNING * * *
The entropy weaver hits you.
* * * LOW HITPOINT WARNING * * *
The entropy weaver hits you!
* * * LOW HITPOINT WARNING * * *
The entropy weaver hits you but does no damage.
The entropy weaver hits you!
You die...

#.....## #..#..## ####
######..# ####..# ###
#..##..#. #.....#
#.###..##....
#..†######...#........
###.>.##.##..##...####
#.##.a..(#........#.#.
#....@....(#...##...#<
#...##.#...#####..^.##
#.######.###........#.
### ###.##...###...
##....####....
#^.....#####..
####^#..#..##.
##.###.....### #
###..#.#.#..##..


You could see an entropy weaver.

Vanquished Creatures
  Saint Roka (Orc:2)
  Donald (Spider:2)
  Gastronok (D:12)
  A deep elf sorcerer (Elf:1)
  An entropy weaver (Spider:1)
  A dire elephant (Lair:6)
  A spark wasp (Spider:2)
  The ghost of Ihuargh the Cleaver, a journeyman FoFi of the Shining One (Lair:1)
  The ghost of Decs the Reanimator, a journeyman DDNe of Makhleb (Lair:1)
  The ghost of Qoelipp the Thaumaturge, a journeyman DEEE of Sif Muna (Lair:1)
  7 hydras
  The ghost of Puufahe the Thaumaturge, a journeyman GnSk of Ashenzari (Lair:1)
  The ghost of Puufahe the Thaumaturge, a journeyman GnSk of Ashenzari (Lair:2)
  3 catoblepae
  An anaconda (Lair:6)
  2 centaur warriors (D:13)
  A two-headed ogre (D:12)
  3 orc high priests (Orc:2)
  2 dancing weapons (Elf:1)
  Urug (Lair:5)
  An unseen horror (D:13)
  3 skeletal warriors
  A lindwurm (Lair:6)
  19 wolf spiders
  4 orc knights
  5 orb spiders
  4 orc sorcerers
  4 deep elf magi
  3 manticores (Lair:6)
  An ugly thing (D:12)
  A centaur zombie (D:12)
  10 elephants
  8 black mambas
  Maggie (D:8)
  13 spiny frogs
  8 komodo dragons
  A kobold demonologist (D:12)
  2 rime drakes (Lair:6)
  A tengu conjurer (D:13)
  3 demonic crawlers (Spider:1)
  7 jumping spiders (Spider:1)
  A troll (Orc:1)
  10 polar bears
  16 blink frogs
  A hornet (Spider:1)
  6 dream sheep
  A meliai zombie (D:12)
  3 raiju (Lair:6)
  An air elemental (Elf:1)
  6 hippogriffs
  2 spriggans (Lair:3)
  35 redbacks
  3 wyverns
  32 yaks
  13 tarantellas
  2 basilisks (Lair:6)
  A steam dragon (D:9)
  4 vampire mosquitoes (D:12)
  Edmund (D:6)
  10 wargs
  A swamp worm (Lair:2)
  A soldier ant (D:10)
  8 water moccasins
  2 porcupines (Lair:2)
  14 hell hounds (Lair:6)
  18 orc warriors
  3 sky beasts
  2 phantoms
  5 ice beasts
  12 black bears
  2 necrophages
  13 ogres
  An eye of draining (D:11)
  7 centaurs
  36 wolves
  14 crocodiles
  A big kobold (Sewer)
  14 bullfrogs
  2 scorpions
  4 wights (D:6)
  2 howler monkeys (D:7)
  7 electric eels
  4 crimson imps
  2 bullfrog zombies
  13 orc priests
  4 hounds
  2 jellies
  A bullfrog skeleton (D:12)
  Ijyb (D:4)
  4 iguanas
  Natasha (twice) (D:4)
  12 orc wizards
  5 worker ants
  A killer bee zombie (D:6)
  2 hound skeletons
  2 worker ant zombies
  7 gnolls
  6 adders
  A river rat (Sewer)
  4 shadow imps
  An adder zombie (D:5)
  An ooze (D:3)
  A worm (D:5)
  A dart slug (D:1)
  10 leopard geckos
  50 orcs
  6 giant cockroaches
  11 goblins
  8 hobgoblins
  A jackal (Sewer)
  17 kobolds
  3 quokkas
  10 bats
  5 frilled lizards
  8 rats
655 creatures vanquished.

Vanquished Creatures (collateral kills)
  An orc knight (Orc:2)
  An ugly thing (D:13)
  An eye of draining (D:13)
  A centaur (D:13)
  An orc priest (Orc:2)
  2 orc wizards (D:13)
  3 orcs (Orc:2)
10 creatures vanquished.

Vanquished Creatures (others)
  An orc knight (Orc:1)
  2 orcs (Orc:2)
  9 fungi
  11 plants
23 creatures vanquished.

Grand Total: 688 creatures vanquished

Notes
Turn   | Place    | Note
-------+----------+-------------------------------------------
     0 | Abyss:1  | thirtiethelement the Gnoll Abyssal Knight began the quest
                  | for the Orb.
     0 | Abyss:1  | Reached XP level 1. HP: 23/23 MP: 3/3
    49 | Abyss:1  | Noticed an orb spider
    59 | Abyss:1  | Noticed a rust devil
    81 | Abyss:1  | Noticed a small abomination
   136 | Abyss:2  | Got a pair of fading gloves
   151 | Abyss:2  | Noticed a quasit
   154 | Abyss:2  | Noticed a wight
   159 | Abyss:2  | Noticed a glowing orange brain
   161 | Abyss:2  | Noticed a large abomination
   162 | Abyss:2  | Noticed a small abomination
   172 | D:1      | Escaped the Abyss
   178 | D:1      | Identified the cursed +0 pair of gloves "Rihill" {-Tele
                  | rPois Int+7} (You found it on level 2 of the Abyss)
   572 | D:1      | Reached XP level 2. HP: 21/29 MP: 5/5
   979 | D:1      | Reached * piety under Lugonu
  1168 | D:2      | Reached XP level 3. HP: 32/35 MP: 6/6
  1523 | D:2      | Found a shimmering blue altar of Sif Muna.
  1529 | D:2      | Found a snail-covered altar of Cheibriados.
  1756 | D:3      | Reached skill level 1 in Short Blades
  1756 | D:3      | Reached skill level 1 in Long Blades
  1756 | D:3      | Reached skill level 1 in Maces & Flails
  1756 | D:3      | Reached skill level 1 in Polearms
  1756 | D:3      | Reached skill level 1 in Staves
  1756 | D:3      | Reached skill level 1 in Slings
  1756 | D:3      | Reached skill level 1 in Bows
  1756 | D:3      | Reached skill level 1 in Crossbows
  1756 | D:3      | Reached skill level 1 in Throwing
  1756 | D:3      | Reached skill level 1 in Stealth
  1756 | D:3      | Reached skill level 1 in Shields
  1756 | D:3      | Reached skill level 1 in Unarmed Combat
  1756 | D:3      | Reached skill level 1 in Spellcasting
  1756 | D:3      | Reached skill level 1 in Evocations
  1763 | D:3      | Reached XP level 4. HP: 16/41 MP: 7/7
  1764 | D:3      | HP: 2/41 [gnoll/cursed -2 flail (8)]
  2097 | D:3      | Found a glowing drain.
  2122 | Sewer    | Entered a sewer
  2132 | Sewer    | Reached skill level 1 in Conjurations
  2132 | Sewer    | Reached skill level 1 in Hexes
  2132 | Sewer    | Reached skill level 1 in Charms
  2132 | Sewer    | Reached skill level 1 in Summonings
  2132 | Sewer    | Reached skill level 1 in Necromancy
  2132 | Sewer    | Reached skill level 1 in Translocations
  2132 | Sewer    | Reached skill level 1 in Transmutations
  2132 | Sewer    | Reached skill level 1 in Fire Magic
  2132 | Sewer    | Reached skill level 1 in Ice Magic
  2132 | Sewer    | Reached skill level 1 in Air Magic
  2132 | Sewer    | Reached skill level 1 in Earth Magic
  2132 | Sewer    | Reached skill level 1 in Poison Magic
  2180 | Sewer    | Noticed a big kobold
  2203 | Sewer    | Killed a big kobold
  2203 | Sewer    | Reached XP level 5. HP: 45/47 MP: 8/8
  2221 | Sewer    | Found a glowing silver altar of Zin.
  2346 | D:3      | Reached ** piety under Lugonu
  2376 | D:3      | Found a sacrificial altar of Ru.
  2524 | D:3      | Reached skill level 5 in Invocations
  2524 | D:3      | Reached XP level 6. HP: 43/53 MP: 9/9
  2696 | D:3      | Found a radiant altar of Vehumet.
  2702 | D:3      | Found a burning altar of Makhleb.
  2710 | D:3      | Found a glowing golden altar of the Shining One.
  2781 | D:3      | Found a bloodstained altar of Trog.
  2783 | D:3      | You fall into a shaft and drop 3 floors!
  2785 | D:6      | Noticed a sky beast
  2808 | D:6      | Gained mutation: You tend to lose your temper in combat.
                  | [potion of mutation]
  2808 | D:6      | Gained mutation: You have sharp toenails. [potion of
                  | mutation]
  2808 | D:6      | Gained mutation: Your natural rate of healing is unusually
                  | fast. [potion of mutation]
  2836 | D:6      | Reached skill level 5 in Axes
  2836 | D:6      | Reached skill level 5 in Armour
  2951 | D:6      | Reached XP level 7. HP: 43/59 MP: 8/10
  2966 | D:6      | Noticed Edmund
  3001 | D:6      | Killed Edmund
  3082 | D:6      | Reached XP level 8. HP: 63/67 MP: 10/12
  3107 | D:5      | Entered Level 5 of the Dungeon
  3428 | D:4      | Noticed Natasha
  3431 | D:4      | Killed Natasha
  3539 | D:4      | Found a staircase to the Ecumenical Temple.
  3570 | Temple   | Entered the Ecumenical Temple
  3643 | D:4      | Noticed Natasha
  3653 | D:4      | Killed Natasha
  3830 | D:4      | Found an iron altar of Okawaru.
  3830 | D:4      | Found a sparkling altar of Nemelex Xobeh.
  3830 | D:4      | Noticed Ijyb
  3839 | D:4      | Killed Ijyb
  3973 | D:4      | Reached *** piety under Lugonu
  4536 | D:5      | Found a shattered altar of Ashenzari.
  4760 | D:6      | Reached XP level 9. HP: 72/72 MP: 14/14
  5137 | D:7      | Found Quecahuk's Magic Scroll Boutique.
  5159 | D:7      | Bought a scroll of identify for 22 gold pieces
  5159 | D:7      | Bought a scroll of identify for 22 gold pieces
  5159 | D:7      | Bought a scroll of magic mapping for 38 gold pieces
  5159 | D:7      | Bought a scroll of identify for 22 gold pieces
  5159 | D:7      | Bought a scroll of identify for 22 gold pieces
  5159 | D:7      | Bought a scroll of identify for 22 gold pieces
  5159 | D:7      | Bought a scroll of identify for 22 gold pieces
  5159 | D:7      | Bought a scroll of fear for 38 gold pieces
  5722 | D:7      | Reached skill level 5 in Dodging
  6171 | D:8      | Noticed Maggie
  6191 | D:8      | Killed Maggie
  6257 | D:8      | Found a staircase to the Lair.
  6315 | D:8      | Found an ancient bone altar of Kikubaaqudgha.
  6329 | D:8      | Learned a level 1 spell: Animate Skeleton
  6331 | D:8      | Learned a level 1 spell: Pain
  6335 | D:8      | Learned a level 3 spell: Vampiric Draining
  6340 | D:8      | Learned a level 4 spell: Animate Dead
  6346 | D:8      | Learned a level 5 spell: Agony
  6858 | D:9      | Reached **** piety under Lugonu
  7095 | D:9      | Reached XP level 10. HP: 80/80 MP: 15/17
  7453 | D:10     | Entered Level 10 of the Dungeon
  7479 | D:10     | Found a staircase to the Orcish Mines.
  7652 | D:10     | Reached skill level 5 in Short Blades
  7652 | D:10     | Reached skill level 5 in Long Blades
  7652 | D:10     | Reached skill level 5 in Maces & Flails
  7652 | D:10     | Reached skill level 5 in Polearms
  7652 | D:10     | Reached skill level 5 in Staves
  7652 | D:10     | Reached skill level 5 in Slings
  7652 | D:10     | Reached skill level 5 in Bows
  7652 | D:10     | Reached skill level 5 in Crossbows
  7652 | D:10     | Reached skill level 5 in Throwing
  7652 | D:10     | Reached skill level 5 in Stealth
  7652 | D:10     | Reached skill level 5 in Shields
  7652 | D:10     | Reached skill level 5 in Unarmed Combat
  7652 | D:10     | Reached skill level 5 in Spellcasting
  7652 | D:10     | Reached skill level 5 in Evocations
  8040 | D:10     | Found Icziemo's Gadget Boutique.
  8368 | D:11     | Found a runed translucent gate.
  8369 | D:11     | Found a runed translucent gate.
  8369 | D:11     | Found a runed translucent gate.
  8369 | D:11     | Noticed ImHereKillMe's ghost (journeyman MiMo)
  8372 | D:11     | Found a roughly hewn altar of Beogh.
  8372 | D:11     | Identified the +9 rapier of the Warrior-Mage {drain, rF+
                  | MR+ Int+4}
  8372 | D:11     | Identified the +3 chain mail of the Eternal Void {rElec rN+
                  | Stlth-}
  8557 | D:11     | Reached ***** piety under Lugonu
  9033 | D:12     | Found Zoelifup's General Store.
  9037 | D:12     | Noticed a deep elf mage
  9038 | D:12     | Noticed a white ugly thing
  9049 | D:12     | Killed a white ugly thing
  9062 | D:12     | Killed a deep elf mage
  9115 | D:12     | Noticed Gastronok
  9126 | D:12     | Killed Gastronok
  9126 | D:12     | Reached XP level 11. HP: 87/87 MP: 17/19
  9226 | D:12     | Reached skill level 5 in Conjurations
  9226 | D:12     | Reached skill level 5 in Hexes
  9226 | D:12     | Reached skill level 5 in Charms
  9226 | D:12     | Reached skill level 5 in Summonings
  9226 | D:12     | Reached skill level 5 in Necromancy
  9226 | D:12     | Reached skill level 5 in Translocations
  9226 | D:12     | Reached skill level 5 in Transmutations
  9226 | D:12     | Reached skill level 5 in Fire Magic
  9226 | D:12     | Reached skill level 5 in Ice Magic
  9226 | D:12     | Reached skill level 5 in Air Magic
  9226 | D:12     | Reached skill level 5 in Earth Magic
  9226 | D:12     | Reached skill level 5 in Poison Magic
  9619 | D:12     | Noticed a two-headed ogre
  9622 | D:12     | Killed a two-headed ogre
 10011 | D:13     | Noticed an unseen horror
 10124 | D:13     | Killed an unseen horror
 10214 | D:13     | Noticed a centaur warrior
 10221 | D:13     | Noticed a cyan ugly thing
 10223 | D:13     | Killed a centaur warrior
 10233 | D:13     | Noticed a centaur warrior
 10239 | D:13     | Killed a cyan ugly thing
 10248 | D:13     | Killed a centaur warrior
 10252 | D:13     | Reached XP level 12. HP: 18/96 MP: 5/22
 10901 | D:13     | Noticed a five-headed hydra
 11017 | Lair:1   | Entered Level 1 of the Lair of Beasts
 11260 | Lair:1   | Learned a level 3 spell: Mephitic Cloud
 11266 | Lair:1   | Learned a level 5 spell: Fireball
 11269 | Lair:1   | Learned a level 2 spell: Slow
 11540 | Lair:1   | Found a runed translucent gate.
 11540 | Lair:1   | Found a runed translucent gate.
 11551 | Lair:1   | Lost mutation: You tend to lose your temper in combat.
                  | [potion of mutation]
 11551 | Lair:1   | Lost mutation: Your natural rate of healing is unusually
                  | fast. [potion of mutation]
 11551 | Lair:1   | Lost mutation: You have sharp toenails. [potion of
                  | mutation]
 11551 | Lair:1   | Gained mutation: You have a pair of small antennae on your
                  | head. [potion of mutation]
 11551 | Lair:1   | Gained mutation: Your body sometimes deteriorates upon
                  | taking damage. [potion of mutation]
 11551 | Lair:1   | Gained mutation: You are robust. (+10% HP) [potion of
                  | mutation]
 11581 | Lair:1   | Found a runed translucent gate.
 11583 | Lair:1   | Noticed Ihuargh's ghost (journeyman FoFi)
 11583 | Lair:1   | Noticed Puufahe's ghost (journeyman GnSk)
 11583 | Lair:1   | Noticed Decs's ghost (journeyman DDNe)
 11583 | Lair:1   | Noticed Qoelipp's ghost (journeyman DEEE)
 11584 | Lair:1   | Noticed Puufahe's ghost (journeyman GnSk)
 11671 | Lair:1   | You fall into a shaft and drop 1 floor!
 11671 | Lair:2   | Noticed a six-headed hydra
 11680 | Lair:2   | Killed a 12-headed hydra
 11882 | Lair:2   | Found a radiant altar of Vehumet.
 12259 | Lair:2   | Noticed a four-headed hydra
 12271 | Lair:2   | Killed a nine-headed hydra
 12502 | Lair:2   | Reached skill level 10 in Fighting
 12803 | Lair:2   | Found a staircase to the Swamp.
 13329 | Lair:2   | Noticed an eight-headed hydra
 13346 | Lair:2   | Killed an 18-headed hydra
 13588 | Lair:3   | Reached XP level 13. HP: 43/113 MP: 10/24
 14536 | Lair:3   | Lost mutation: Your body sometimes deteriorates upon taking
                  | damage. [potion of mutation]
 14536 | Lair:3   | Lost mutation: You have a pair of small antennae on your
                  | head. [potion of mutation]
 14536 | Lair:3   | Gained mutation: You are weak. (Str -2) [potion of
                  | mutation]
 14536 | Lair:3   | Gained mutation: Your natural rate of healing is unusually
                  | fast. [potion of mutation]
 15385 | Lair:4   | Found a hole to the Spider Nest.
 15636 | Lair:5   | Noticed Urug
 15643 | Lair:4   | Reached skill level 10 in Invocations
 15785 | Lair:5   | Killed Urug
 16106 | Lair:5   | Reached ****** piety under Lugonu
 16457 | Lair:5   | Found a viscous altar of Jiyva.
 16457 | Lair:5   | Found a staircase to the Slime Pits.
 16581 | Lair:6   | Entered Level 6 of the Lair of Beasts
 17126 | Lair:6   | Reached XP level 14. HP: 103/122 MP: 21/26
 17278 | Lair:6   | Reached skill level 10 in Axes
 17278 | Lair:6   | Reached skill level 10 in Armour
 18739 | Lair:6   | Got a masterwork arbalest
 18837 | Lair:6   | Noticed a dire elephant
 18883 | Lair:6   | Killed a dire elephant
 18917 | Lair:6   | Identified the +10 arbalest of Goraiwn {penet, rN+} (You
                  | found it on level 6 of the Lair of Beasts)
 19332 | Lair:1   | Killed Ihuargh's ghost
 19346 | Lair:1   | Killed Decs's ghost
 19381 | Lair:1   | Killed Qoelipp's ghost
 19566 | Lair:2   | Killed Puufahe's ghost
 19566 | Lair:2   | Reached XP level 15. HP: 88/130 MP: 20/28
 19635 | Lair:1   | Killed Puufahe's ghost
 19691 | Lair:1   | Identified the +2 pair of boots of the Circus Animal
                  | {+Blink Int+3 Dex-4} (You found it on level 1 of the Lair
                  | of Beasts)
 20046 | Orc:1    | Entered Level 1 of the Orcish Mines
 20139 | Orc:1    | Reached skill level 10 in Dodging
 20417 | Orc:2    | Entered Level 2 of the Orcish Mines
 20417 | Orc:2    | Noticed Saint Roka
 20718 | Orc:2    | Killed Saint Roka
 20957 | Orc:2    | HP: 6/130 [orc priest/divine providence (9)]
 20958 | Orc:2    | HP: 1/130 [orc knight/+0 broad axe (14)]
 21722 | Orc:2    | Found Viana's Magic Scroll Shoppe.
 21722 | Orc:2    | Found Miguh's Distillery.
 21724 | Orc:2    | Found Isarak Dezo's Food Shoppe.
 21724 | Orc:2    | Found Utueno's Magic Scroll Shop.
 21732 | Orc:2    | Bought a scroll of enchant armour for 97 gold pieces
 21732 | Orc:2    | Bought a scroll of identify for 26 gold pieces
 21732 | Orc:2    | Bought a scroll of identify for 26 gold pieces
 21732 | Orc:2    | Bought a scroll of identify for 26 gold pieces
 21732 | Orc:2    | Bought a scroll of enchant armour for 97 gold pieces
 21732 | Orc:2    | Bought a scroll of identify for 26 gold pieces
 21737 | Orc:2    | Bought a potion of curing for 36 gold pieces
 21737 | Orc:2    | Bought 2 potions of heal wounds for 120 gold pieces
 21737 | Orc:2    | Bought 2 potions of haste for 240 gold pieces
 21737 | Orc:2    | Bought a potion of curing for 36 gold pieces
 22094 | Orc:2    | Found a staircase to the Elven Halls.
 22137 | Elf:1    | Entered Level 1 of the Elven Halls
 22231 | Elf:1    | Noticed a deep elf sorcerer
 22246 | Elf:1    | Killed a deep elf sorcerer
 22246 | Elf:1    | Reached skill level 10 in Short Blades
 22246 | Elf:1    | Reached skill level 10 in Long Blades
 22246 | Elf:1    | Reached skill level 10 in Maces & Flails
 22246 | Elf:1    | Reached skill level 10 in Polearms
 22246 | Elf:1    | Reached skill level 10 in Staves
 22246 | Elf:1    | Reached skill level 10 in Slings
 22246 | Elf:1    | Reached skill level 10 in Bows
 22246 | Elf:1    | Reached skill level 10 in Crossbows
 22246 | Elf:1    | Reached skill level 10 in Throwing
 22246 | Elf:1    | Reached skill level 10 in Stealth
 22246 | Elf:1    | Reached skill level 10 in Shields
 22246 | Elf:1    | Reached skill level 10 in Unarmed Combat
 22246 | Elf:1    | Reached skill level 10 in Spellcasting
 22246 | Elf:1    | Reached skill level 10 in Evocations
 22757 | Spider:1 | Entered Level 1 of the Spider Nest
 23090 | Spider:1 | HP: 5/132 [wolf spider (4)]
 24225 | Spider:2 | Noticed Donald
 24243 | Spider:1 | Reached XP level 16. HP: 73/139 MP: 15/30
 24611 | Spider:2 | Killed Donald
 25075 | Spider:1 | HP: 10/208 [poisoned by a redback]
 25080 | Spider:1 | HP: 5/208 [poisoned by a redback]
 25085 | Spider:1 | HP: 3/208 [poisoned by a redback]
 25090 | Spider:1 | HP: 2/208 [poisoned by a redback]
 25096 | Spider:1 | HP: 3/208 [poisoned by a redback]
 25103 | Spider:1 | HP: 6/208 [poisoned by a redback]
 25110 | Spider:1 | HP: 10/208 [poisoned by a redback]
 25536 | Spider:1 | HP: 2/139 [entropy weaver (6)]
 25538 | Spider:1 | Slain by an entropy weaver

Illustrated notes

Levels and vault maps discovered:
D:1:      dpeg_arrival_castle, layout_basic
D:2:      layout_basic, minitemple, first_ration
D:3:      layout_rooms, nicolae_ru_path_of_blood,
          minmay_overflow_temple_star_quad, portal_sewer_entry_f,
          trog_hazing_becter
D:4:      layout_loops_ring, grunt_temple_overflow_open,
          minmay_temple_entry_glassed_door, uniq_natasha, uniq_ijyb
D:5:      layout_basic, lemuel_round_altar, nicolae_zen_rock_garden
D:6:      layout_loops_ring, uniq_edmund
D:7:      wad_lake_hut, layout_basic, serial_shops, nicolae_shop_behind_doors
D:8:      layout_gridville, lair_entry_dummy, basic_altar, uniq_maggie
D:9:      layout_small_grid
D:10:     layout_irregular_city, orc_0_dummy, serial_shops, shop
D:11:     layout_loops_ring, biasface_ghost_orc_armoury, grunt_ogre_cave
D:12:     layout_gridville, serial_shops, shop, solitary_fountain,
          minmay_misc_feat_four_crosses, uniq_gastronok
D:13:     layout_gridville, david_vaults_5, kennysheep_opposing_triangles
Temple:   cyrus_circular_temple
Lair:1:   layout_long_grid, gammafunk_ghost_cemetery, infiniplex_staircase_pool
Lair:2:   layout_cave_pods, palyth_hydra_swamp_entry, basic_altar,
          enter_volcano_1, st_stairs_3
Lair:3:   layout_cave_pods, forest_entry_grove
Lair:4:   layout_misc_corridors, spider_nest_entry_web_field
Lair:5:   layout_cave_shapes, dpeg_slime_entry_enclosed_altar,
          lemuel_fruit_fields, grunt_megastairs_3, uniq_urug
Lair:6:   hangedman_lair_in_review, layout_regular_city,
          hangedman_lair_caniforms_friends, grunt_forest_large_clearings
Spider:1: layout_spider_delve
Spider:2: layout_spider_delve, uniq_donald
Orc:1:    layout_diamond_mine
Orc:2:    grunt_orc_tribal_feast, layout_caves, uniq_saint_roka
Elf:1:    layout_loops_corners, serial_shops, nicolae_shop_trees, minivault_28,
          nicolae_elf_w_pinch, drop_trap, nrook_loot_triangle

Skill      XL: |  1  2  3  4  5  6  7  8  9 10 11 12 13 14 15 16 |
---------------+-------------------------------------------------+-----
Short Blades   | 1 2 3 4 5 6 7 8 9 10 | 10.5
Long Blades    | 1 2 3 4 5 6 7 8 9 10 | 10.5
Maces & Flails | 1 2 3 4 5 6 7 8 9 10 | 10.5
Polearms       | 1 2 3 4 5 6 7 8 9 10 | 10.5
Staves         | 1 2 3 4 5 6 7 8 9 10 | 10.5
Slings         | 1 2 3 4 5 6 7 8 9 10 | 10.5
Bows           | 1 2 3 4 5 6 7 8 9 10 | 10.5
Crossbows      | 1 2 3 4 5 6 7 8 9 10 | 10.5
Throwing       | 1 2 3 4 5 6 7 8 9 10 | 10.5
Stealth        | 1 2 3 4 5 6 7 8 9 10 | 10.5
Shields        | 1 2 3 4 5 6 7 8 9 10 | 10.5
Unarmed Combat | 1 2 3 4 5 6 7 8 9 10 | 10.5
Spellcasting   | 1 2 3 4 5 6 7 8 9 10 | 10.5
Evocations     | 1 2 3 4 5 6 7 8 9 10 | 10.5
Conjurations   | 1 2 3 4 5 6 7 8 |  8.9
Hexes          | 1 2 3 4 5 6 7 8 |  8.9
Charms         | 1 2 3 4 5 6 7 8 |  8.9
Summonings     | 1 2 3 4 5 6 7 8 |  8.9
Necromancy     | 1 2 3 4 5 6 7 8 |  8.9
Translocations | 1 2 3 4 5 6 7 8 |  8.9
Transmutations | 1 2 3 4 5 6 7 8 |  8.9
Fire Magic     | 1 2 3 4 5 6 7 8 |  8.9
Ice Magic      | 1 2 3 4 5 6 7 8 |  8.9
Air Magic      | 1 2 3 4 5 6 7 8 |  8.9
Earth Magic    | 1 2 3 4 5 6 7 8 |  8.9
Poison Magic   | 1 2 3 4 5 6 7 8 |  8.9
Dodging        | 3 4 5 6 7 8 9 10 | 10.8
Invocations    | 5 6 7 8 9 10 11 12 | 12.1
Axes           | 5 6 7 8 9 10 11 | 11.4
Armour         | 5 6 7 8 9 10 11 | 11.4
Fighting       | 7 8 9 10 11 12 | 12.1

Action                   |  1- 3 |  4- 6 |  7- 9 | 10-12 | 13-15 | 16-18 || total
-------------------------+-------+-------+-------+-------+-------+-------++-------
Melee: Hand axe          |    86 |   142 |       |       |       |       ||   228
       Bite              |     8 |    20 |    35 |    71 |   230 |    16 ||   380
       Scimitar          |       |    16 |   290 |   442 |  1518 |   173 ||  2439
       Punch             |       |       |     4 |    22 |     5 |       ||    31
Throw: Dart              |       |       |       |     2 |     3 |       ||     5
 Cast: Animate Dead      |       |       |       |     3 |       |       ||     3
       Vampiric Draining |       |       |       |       |       |     3 ||     3
Invok: Depart the Abyss  |     1 |       |       |       |       |       ||     1
Evoke: Wand              |       |       |       |    17 |    35 |    20 ||    72
       Lightning rod     |       |       |       |       |     7 |       ||     7
  Use: Scroll            |     7 |       |    11 |     6 |    29 |       ||    53
       Potion            |       |     7 |     1 |     5 |    18 |     2 ||    33
 Stab: Sleeping          |       |     3 |     4 |     4 |     8 |       ||    19
       Paralysed         |       |       |       |    21 |    17 |       ||    38
       Petrified         |       |       |       |       |    17 |       ||    17
       Petrifying        |       |       |       |       |     2 |       ||     2
       Invisible         |       |       |       |       |     2 |       ||     2
       Distracted        |       |       |       |       |     1 |       ||     1
  Eat: Chunk             |     2 |     1 |     8 |    11 |    14 |     2 ||    38
       Ration            |     1 |       |     2 |     3 |     7 |     1 ||    14
Armor: Leather armour    |    32 |    55 |    70 |       |       |       ||   157
       Ring mail         |       |       |    18 |   245 |   490 |       ||   753
       Plate armour      |       |       |       |       |   647 |   244 ||   891
       Scale mail        |       |       |       |       |    30 |       ||    30
       Skin              |       |       |       |       |       |    11 ||    11
Dodge: Dodged            |    69 |    95 |   206 |   412 |  1392 |   128 ||  2302
       Repelled          |       |     3 |     9 |     5 |     7 |       ||    24
Block: Buckler           |       |       |       |       |   743 |   127 ||   870
       Kite shield       |       |       |       |       |     1 |       ||     1
       Rpst.: Scimitar   |       |     1 |    57 |   119 |   331 |    28 ||   536

Table legend:
 A = Non-vault XP
 B = Vault XP
 C = Vault XP percentage of total XP
 D = Non-vault monster count
 E = Vault monster count
 F = Vault count percentage of total count
                 A         B        C        D         E       F
            +---------+---------+-------+---------+---------+-------
      Total |   86936 |   55933 |  39.1 |     474 |     192 |  28.8
            +---------+---------+-------+---------+---------+-------
        D:1 |      27 |       0 |   0.0 |      16 |       0 |   0.0
        D:2 |      37 |       0 |   0.0 |      16 |       0 |   0.0
        D:3 |     141 |      22 |  13.5 |      26 |      10 |  27.8
        D:4 |     274 |      74 |  21.3 |      19 |       2 |   9.5
        D:5 |     393 |       0 |   0.0 |      14 |       0 |   0.0
        D:6 |    1216 |     169 |  12.2 |      22 |       1 |   4.3
        D:7 |     985 |       0 |   0.0 |      21 |       0 |   0.0
        D:8 |     270 |     404 |  59.9 |       6 |       1 |  14.3
        D:9 |     951 |       0 |   0.0 |      13 |       0 |   0.0
       D:10 |     985 |       0 |   0.0 |      14 |       0 |   0.0
       D:11 |     817 |     122 |  13.0 |      12 |       1 |   7.7
       D:12 |    6739 |    2037 |  23.2 |      25 |       1 |   3.8
       D:13 |    4917 |       0 |   0.0 |      25 |       0 |   0.0
     Lair:1 |    2954 |    4152 |  58.4 |      12 |       4 |  25.0
     Lair:2 |    5366 |    3504 |  39.5 |      23 |       8 |  25.8
     Lair:3 |    4065 |    1202 |  22.8 |      17 |       7 |  29.2
     Lair:4 |    4936 |       0 |   0.0 |      17 |       0 |   0.0
     Lair:5 |   11303 |    1649 |  12.7 |      31 |       3 |   8.8
     Lair:6 |    6167 |   22740 |  78.7 |      20 |      96 |  82.8
   Spider:1 |   21207 |       0 |   0.0 |      65 |       0 |   0.0
   Spider:2 |    8302 |    2051 |  19.8 |      20 |       1 |   4.8
      Orc:1 |    2447 |    2002 |  45.0 |      21 |       7 |  25.0
      Orc:2 |    1365 |   11411 |  89.3 |      17 |      33 |  66.0
      Elf:1 |    1072 |    4268 |  79.9 |       2 |       5 |  71.4
      Sewer |       0 |     126 | 100.0 |       0 |      12 | 100.0
            +---------+---------+-------+---------+---------+-------
